 Dungeon Crawl Stone Soup version 0.32-a0-38-gb04dd89b9b (webtiles) character file.

Game seed: 1091457550917908718

105 IdlyInterested the Trooper (level 4, -1/37 HPs)
             Began as a Demonspawn Gladiator on Jan 23, 2024.
             Slain by Grinder (4 damage)
             ... on level 3 of the Dungeon.
             The game lasted 00:04:14 (1604 turns).

IdlyInterested the Trooper (Demonspawn Gladiator)   Turns: 1604, Time: 00:04:16

Health: -1/37      AC:  4    Str: 14    XL:     4   Next: 54%
Magic:  4/4        EV: 12    Int:  8    God:
Gold:   157        SH:  0    Dex: 17    Spells: 3/3 levels left

rFire   . . .        a - +0 long sword
rCold   . . .        f - +0 buckler
rNeg    . . .        b - +0 leather armour
rPois   .            c - +0 helmet
rElec   .            (no cloak)
rCorr   .            (no gloves)
SInv    .            (no boots)
Will    .....        (no amulet)
Stlth   +            (no ring)
HPRegen 0.26/turn    (no ring)
MPRegen 0.09/turn

%: no passive effects
@: confused, ambrosia-drunk
A: claws 1, powered by death 1
a: no special abilities


You were on level 3 of the Dungeon.
You visited 1 branch of the dungeon, and saw 3 of its levels.

You collected 157 gold pieces.

Inventory:

Hand Weapons
 a - a +0 long sword (weapon)
 h - a +0 dagger
Missiles
 d - 3 throwing nets
 e - a javelin
 i - 18 stones (quivered)
 o - 6 poisoned darts
Armour
 b - a +0 leather armour (worn)
 c - a +0 helmet (worn)
 f - a +0 buckler (worn)
Jewellery
 u - an amulet of magic regeneration
Talismans
 p - a serpent talisman
Scrolls
 g - a scroll of teleportation
 k - a scroll of enchant armour {unknown}
 l - a scroll of brand weapon
 q - a scroll of torment
Potions
 m - a potion of invisibility {unknown}
 n - a potion of heal wounds {unknown}
 s - a potion of might {unknown}
 t - a potion of magic {unknown}
 v - a potion of mutation {unknown}


   Skills:
 * Level 4.1 Fighting
 - Level 3.0 Long Blades
 - Level 2.0 Throwing
 - Level 3.0 Dodging
 + Level 0.7 Shapeshifting


You had 3 spell levels left.
You didn't know any spells.
Your spell library contained the following spells:

 Spells                   Type           Power      Damage    Failure   Level
 Apportation              Tloc           0%         N/A       58%         1
 Jinxbite                 Hex            0%         N/A       75%         2
 Alistair's Intoxication  Alch           0%         N/A       100%        5


Dungeon Overview and Level Annotations

Branches:
Dungeon (3/15)

Altars:

Annotations:
D:3 Grinder


Innate Abilities, Weirdness & Mutations

You have sharp fingernails.
You regenerate a little health from kills.


Message History

Okay, then.
Okay, then.
Found a spear.
There is an open door here.
Found a stone staircase leading down.
You now have 157 gold pieces (gained 15).
Grinder comes into view.
Grinder shouts!
Grinder says, "Tell me all your secrets, or I'll kill you."
Found a scroll of teleportation.
You closely miss Grinder. You block Grinder's attack.
Grinder closely misses you.
You slash Grinder!
Grinder is moderately wounded.
Grinder gestures at you.
You suddenly lose the ability to move!
Grinder hits you!
You writhe in agony.
You can move again.
You slash Grinder!
Grinder is heavily wounded.
Grinder blinks!
Grinder blinks!
Grinder gestures at you.
You suddenly lose the ability to move!
Grinder hits you but does no damage. Grinder gestures at you.
Pain shoots through your body! Grinder hits you!
* * * LOW HITPOINT WARNING * * *
You writhe in agony.
* * * LOW HITPOINT WARNING * * *
You can move again.
Unknown command.
It was a potion of ambrosia.
You are confused.
You feel invigorated. Grinder hits you.
* * * LOW HITPOINT WARNING * * *
You writhe in agony.
You die...
Grinder says, "Hey, I wasn't done torturing you yet!"

###.#.#.~.# ....#.#.~.#
~. ......#.~. +..
......#...~. #.#
......##.##.~ ##.#
.....<##.#~~~###~.#
.......#.#8.~.~~..###
.....#..~####~..5...#####
########..~~~...@......?#
#.####...........# #.##
####.##.....# #..# #.#
....# #####'## #.# ...#
#.)....# #.# ..#
#......#####.# .#
#.........##.# #
#......##.#..#


You could see Grinder.

Vanquished Creatures
  A gnoll (D:1)
  5 adders (D:2)
  A dart slug (D:2)
  A ribbon worm (D:2)
  5 bats
  4 endoplasms
  2 giant cockroaches
  6 goblins
  3 hobgoblins (D:2)
  4 jackals (D:1)
  6 quokkas
  2 ball pythons (D:2)
  2 kobolds
42 creatures vanquished.

Notes
Turn   | Place    | Note
-------+----------+-------------------------------------------
     0 | D:1      | IdlyInterested the Demonspawn Gladiator began the quest for
                  | the Orb.
     0 | D:1      | Reached XP level 1. HP: 16/16 MP: 1/1
   116 | D:1      | Gained mutation: You regenerate a little health from kills.
                  | [demonic ancestry]
   116 | D:1      | Reached XP level 2. HP: 20/23 MP: 2/2
   270 | D:1      | Reached skill level 3 in Fighting
   620 | D:1      | Reached XP level 3. HP: 23/29 MP: 3/3
  1110 | D:2      | Gained mutation: You have sharp fingernails. [demonic
                  | ancestry]
  1110 | D:2      | Reached XP level 4. HP: 36/37 MP: 4/4
  1246 | D:2      | Reached skill level 4 in Fighting
  1593 | D:3      | Noticed Grinder
  1596 | D:3      | Paralysed by Grinder for 2 turns
  1600 | D:3      | Paralysed by Grinder for 4 turns
  1604 | D:3      | Slain by Grinder

Illustrated notes

Levels and vault maps discovered:
D:1:      dpeg_arrival_refuge, layout_loops_cross
D:2:      layout_loops_cross
D:3:      layout_basic, mainiacjoe_overflow_surrounded_room,
          dreamdust_ecumenical_altar_drowned_temple, uniq_grinder

Skill      XL: |  1  2  3  4 |
---------------+-------------+-----
Throwing       | 2 |  2.0
Fighting       | 3 4 |  4.1
Long Blades    | 3 |  3.0
Dodging        | 3 |  3.0
Shapeshifting  | |  0.7

Action                     |  1- 3 |  4- 6 || total
---------------------------+-------+-------++-------
  Melee: Long sword        |   109 |    39 ||   148
    Use: Scroll            |     1 |     2 ||     3
         Potion            |       |     1 ||     1
   Stab: Sleeping          |     1 |     1 ||     2
 Armour: Leather armour    |    66 |    28 ||    94
  Dodge: Dodged            |    69 |    17 ||    86
  Block: Buckler           |    25 |     6 ||    31

Table legend: (Time is in decaauts)
 A = Elapsed time spent in this place.
 B = Non-inter-level travel time spent in this place.
 C = Inter-level travel time spent in this place.
 D = Time resting spent in this place.
 E = Time spent auto-exploring this place.
 F = Levels seen in this place.
 G = Mean time per level.
                   A        B        C        D        E       F      G
               +--------+--------+--------+--------+--------+-----+--------+
         Total |   1649 |   1574 |     75 |    126 |   1019 |   3 |  549.7 |
       Dungeon |   1649 |   1574 |     75 |    126 |   1019 |   3 |  549.7 |
               +--------+--------+--------+--------+--------+-----+--------+

Top non-repeatable levels by time:
     D:2: 824 daAuts
     D:1: 765 daAuts
     D:3: 60 daAuts
